 Dungeon Crawl Stone Soup version 0.27-a0-597-g524d869a0f (webtiles) character file.

Game seed: 9749474706289037725

341 siradein the Poker (level 6, -8/47 HPs)
             Began as a Demonspawn Berserker on Mar 12, 2021.
             Was a Believer of Trog.
             Mangled by an ogre
             ... wielding a +0 giant club
              (21 damage)
             ... on level 4 of the Dungeon.
             The game lasted 00:06:41 (4470 turns).

siradein the Poker (Demonspawn Berserker)           Turns: 4470, Time: 00:06:42

Health: -8/47      AC: 18    Str: 19    XL:     6   Next: 30%
Magic:  6/6        EV:  5    Int:  8    God:    Trog [**....]
Gold:   237        SH:  3    Dex: 13    Spells: 5/5 levels left

rFire    . . .     SeeInvis .   a - +0 spear
rCold    . . .     Faith    .   t - +0 buckler
rNeg     . . .     Spirit   .   x - +0 plate armour
rPois    +         Reflect  .   (no helmet)
rElec    .         Harm     .   (no cloak)
rCorr    .         Rampage  .   (no gloves)
Will     .....                  q - +1 pair of boots
Stlth    ..........             (no amulet)
HPRegen  0.15/turn              s - ring of poison resistance
MPRegen  0.10/turn              (no ring)

@: sanguine armoured
A: claws 1, sanguine armour 1
a: Renounce Religion, Berserk, Trog's Hand


You were on level 4 of the Dungeon.
You worshipped Trog.
Trog was pleased with you.
You visited 1 branch of the dungeon, and saw 4 of its levels.

You collected 237 gold pieces.

Inventory:

Hand Weapons
 a - a +0 spear (weapon)
Armour
 m - a +0 kite shield
 q - a +1 pair of boots (worn)
 t - a +0 buckler (worn)
 x - a +0 plate armour (worn)
Jewellery
 s - a ring of poison resistance (right claw)
Wands
 k - a wand of flame (24)
Scrolls
 b - 3 scrolls of enchant weapon {unknown}
 e - 3 scrolls of teleportation {unknown}
 f - a scroll of amnesia {unknown}
 h - 4 scrolls of blinking {unknown}
 j - a scroll of fear {unknown}
 l - a scroll of identify
 o - a scroll of enchant armour {unknown}
 p - a scroll of fog {unknown}
 r - 2 scrolls of random uselessness {unknown}
Potions
 c - a potion of heal wounds
 d - a potion of might
 g - a potion of magic
 i - 2 potions of flight
 n - 2 potions of attraction {unknown}
 u - a potion of lignification {unknown}
 v - 2 potions of resistance {unknown}
 w - a potion of berserk rage {unknown}


   Skills:
 - Level 3.0 Fighting
 + Level 6.5 Polearms
 - Level 1.7 Armour
 - Level 1.7 Dodging


You had 5 spell levels left.
You didn't know any spells.
Your spell library was empty.

Dungeon Overview and Level Annotations

Branches:
Dungeon (4/15)
 Temple: D:4-7

Altars:
Cheibriados
Kikubaaqudgha
Nemelex Xobeh


Innate Abilities, Weirdness & Mutations

You have sharp fingernails.
When seriously injured, your bleeding wounds create armour. (AC +6)


Message History

You hit the ogre.
The ogre is lightly wounded.
The ogre barely misses you.
You hit the ogre.
The ogre is lightly wounded.
You hit the ogre but do no damage.
The ogre is lightly wounded.
The ogre barely misses you.
You barely miss the ogre.
The ogre is lightly wounded.
The ogre hits you with a +0 giant club!!
Your blood congeals into armour.
You hit the ogre but do no damage.
The ogre is lightly wounded.
You hit the ogre.
The ogre is lightly wounded.
The ogre hits you but does no damage.
You hit the ogre.
The ogre is moderately wounded.
The ogre hits you with a +0 giant club.
You barely miss the ogre.
The ogre is moderately wounded.
You hit the ogre.
The ogre is heavily wounded.
The ogre hits you with a +0 giant club.
You hit the ogre.
The ogre is heavily wounded.
You hit the ogre.
The ogre is severely wounded.
You block the ogre's attack.
You hit the ogre.
The ogre is severely wounded.
The ogre hits you with a +0 giant club!
* * * LOW HITPOINT WARNING * * *
You puncture the ogre!
The ogre is almost dead.
You hit the ogre.
The ogre is almost dead.
The ogre hits you with a +0 giant club!!
You die...

#.##.# #.#. #. #.8.# #...
#. #..$... #.## #.
#........ ##8.#.#.# #
###_# # #. # # #.##
#.#### #... ## #.O@.#
###. .# ####.#
##########. .#### ##.##
#....)..... .... ##...##
#.######.## ..#
####.###.###.# #.#
..##########....# #.....#
#)#
.............##.###.#####
#.# ############ ##...###
#.# ##....#########.#


You could see an ogre.

Vanquished Creatures
  A scorpion (D:4)
  2 hounds
  An orc priest (D:4)
  An orc wizard (D:4)
  A worker ant (D:3)
  A gnoll (D:1)
  6 adders
  An ooze (D:2)
  4 worms
  5 dart slugs
  2 leopard geckos
  2 orcs
  3 giant cockroaches
  9 goblins
  4 hobgoblins (D:1)
  3 jackals (D:2)
  A quokka (D:4)
  3 ball pythons
  6 bats
  5 frilled lizards
  6 kobolds
  6 rats
73 creatures vanquished.

Notes
Turn   | Place    | Note
-------+----------+-------------------------------------------
     0 | D:1      | siradein the Demonspawn Berserker began the quest for the
                  | Orb.
     0 | D:1      | Reached XP level 1. HP: 18/18 MP: 1/1
    72 | D:1      | Reached skill level 3 in Polearms
   285 | D:1      | Gained mutation: When seriously injured, your bleeding
                  | wounds create armour. (AC +6) [demonic ancestry]
   285 | D:1      | Reached XP level 2. HP: 22/24 MP: 2/2
   553 | D:1      | Reached ** piety under Trog
   765 | D:1      | Reached skill level 4 in Polearms
   765 | D:1      | Reached XP level 3. HP: 10/29 MP: 3/3
  1909 | D:2      | Reached XP level 4. HP: 30/35 MP: 4/4
  2462 | D:2      | Found a snail-covered altar of Cheibriados.
  2520 | D:2      | Reached skill level 5 in Polearms
  2603 | D:2      | Found a faded altar of an unknown god.
  2938 | D:3      | Reached XP level 5. HP: 15/41 MP: 5/5
  3762 | D:4      | Noticed an ogre
  3901 | D:4      | Found a sparkling altar of Nemelex Xobeh.
  3939 | D:4      | Reached skill level 6 in Polearms
  3939 | D:4      | Gained mutation: You have sharp fingernails. [demonic
                  | ancestry]
  3939 | D:4      | Reached XP level 6. HP: 24/47 MP: 6/6
  4385 | D:4      | Found an ancient bone altar of Kikubaaqudgha.
  4470 | D:4      | Mangled by an ogre

Illustrated notes

Levels and vault maps discovered:
D:1:      erik_arrival_blinker_ship, layout_loops_ring,
          minmay_misc_feat_more_columns
D:2:      layout_rooms, general_overflow_altar, chequers_ecumenical_altar_twisty
D:3:      layout_rooms
D:4:      layout_loops_ring, grunt_qazlal_sundering,
          nemelex_xobeh_ov_fountains_minmay, minitemple,
          gammafunk_temple_overflow_elements, kennysheep_generic_room_13

Skill      XL: |  1  2  3  4  5 |
---------------+----------------+-----
Polearms       | 3 4 5 6 |  6.5
Fighting       | |  3.0
Armour         | |  1.7
Dodging        | |  1.7

Action                   |  1- 3 |  4- 6 || total
-------------------------+-------+-------++-------
Melee: Spear             |   157 |   235 ||   392
  Use: Scroll            |       |     4 ||     4
 Stab: Sleeping          |     1 |       ||     1
Armor: Animal skin       |    14 |       ||    14
       Leather armour    |    17 |       ||    17
       Scale mail        |       |    83 ||    83
       Plate armour      |       |     6 ||     6
Dodge: Dodged            |    86 |    64 ||   150
Block: Kite shield       |       |    58 ||    58
       Buckler           |       |     9 ||     9

Table legend: (Time is in decaauts)
 A = Elapsed time spent in this place.
 B = Non-inter-level travel time spent in this place.
 C = Inter-level travel time spent in this place.
 D = Time resting spent in this place.
 E = Time spent auto-exploring this place.
 F = Levels seen in this place.
 G = Mean time per level.
                   A        B        C        D        E       F      G
               +--------+--------+--------+--------+--------+-----+--------+
         Total |   4467 |   4440 |     27 |    362 |   3179 |   4 | 1116.8 |
       Dungeon |   4467 |   4440 |     27 |    362 |   3179 |   4 | 1116.8 |
               +--------+--------+--------+--------+--------+-----+--------+

Top non-repeatable levels by time:
     D:1: 1620 daAuts
     D:2: 1115 daAuts
     D:3: 1056 daAuts
     D:4: 675 daAuts
